AoeStats
← 13645570128

Hideout

509667913Analyzed
1v1 RM · 5d ago on Sep 27, 2026· 47m 16s· 2 players
Game mode
Random Map
Map size
Tiny (2 player)
Population
200
Speed
Normal
Resources
Standard
Victory
Conquest
Starting age
Dark Age
Ending age
Imperial Age
RankedLock teamsTeams togetherTeam positionsShared explorationLock speedFull tech treeHidden civsTurbo modeCheats
Victory
Defeat
🇩🇪 Franks · Germany
705
+14
🇭🇰 Mongols · Hong Kong SAR China
672
-28
13645570128
9:40 Feudal Age
10:41 Double-Bit Axe
14:08 Wheelbarrow
13:34 Gold Mining
15:09 Wheelbarrow
15:15 Horse Collar
20:22 Castle Age
22:49 Gold Shaft Mining
21:49 Pikeman
23:06 Bow Saw
24:23 Squires
26:20 Hand Cart
26:29 Heavy Plow
27:27 Stone Mining
29:15 Stone Shaft Mining
31:03 Husbandry
33:56 Imperial Age
31:53 Husbandry
32:28 Ballistics
32:01 Fletching
35:08 Bloodlines
36:10 Forging
36:25 Conscription
37:19 Bodkin Arrow
38:42 Bracer
40:09 Iron Casting
40:51 Chemistry
44:33 Blast Furnace
kratos
10:47 Feudal Age
11:37 Double-Bit Axe
16:42 Gold Mining
17:17 Scale Barding Armor
17:24 Forging
20:07 Castle Age
18:51 Stone Mining
19:10 Fletching
22:04 Chain Barding Armor
21:47 Husbandry
22:33 Gold Shaft Mining
27:09 Bow Saw
27:41 Wheelbarrow
27:32 Ballistics
29:46 Iron Casting
30:36 Hand Cart
32:27 Bodkin Arrow
35:31 Imperial Age
33:52 Town Watch
34:22 Ordonnance Companies
36:13 Cavalier
37:58 Blast Furnace
37:38 Town Patrol
38:17 Conscription
38:01 Chivalry
39:27 Arrowslits
40:02 Paladin
44:07 Fortified Wall
44:59 Chemistry
45:07 Cranequins
47:26 Siege Engineers
47:35 Masonry
Connection lost

Rejoining the realm…

Still unreachable

The connection could not be restored.

Session expired

The server has moved on; the page needs a fresh start.